 Dungeon Crawl Stone Soup version 0.27-a0-978-g2aa4ecdaef (webtiles) character file.

Game seed: 14604105601132102490

37 dickylongcocking the Magician (level 3, -3/27 HPs)
             Began as a Djinni Ice Elementalist on Apr 14, 2021.
             Killed by miscasting Frozen Ramparts (6 damage)
             ... on level 2 of the Dungeon.
             The game lasted 00:02:26 (3070 turns).

dickylongcocking the Magician (DjIE)                Turns: 3070, Time: 00:02:27

Health: -3/27      AC:  3    Str:  7    XL:     3   Next: 41%
Gold:   50         EV: 12    Int: 17    God:
                   SH:  0    Dex: 13

rFire    + + +     SeeInvis .   b - +0 whip
rCold    . . .     Faith    .   (no shield)
rNeg     . . .     Spirit   .   a - +0 robe
rPois    ∞         Reflect  .   (no helmet)
rElec    +         Harm     .   d - +0 cloak
rCorr    +         Rampage  .   (no gloves)
Will     .....                  (boots unavailable)
Stlth    ++........             (no amulet)
HPRegen  0.09/turn              (no ring)
MPRegen  0.00/turn              (no ring)

@: resistant, flying, very slightly contaminated, invisible
A: fire resistance 2, cold vulnerability 1, float, innate caster, hp casting,
extra vitality 1
a: no special abilities


You were on level 2 of the Dungeon.
You visited 1 branch of the dungeon, and saw 2 of its levels.

You collected 50 gold pieces.

Inventory:

Hand Weapons
 b - a +0 whip (weapon)
Armour
 a - a +0 robe (worn)
 d - a +0 cloak (worn)
Jewellery
 c - a ring of ice
Scrolls
 e - a scroll of magic mapping {unknown}
 f - a scroll of torment {unknown}
 g - a scroll of vulnerability {unknown}


   Skills:
 * Level 1.5 Fighting
 - Level 2.1 Dodging
 - Level 1.5 Stealth
 * Level 4.2 Spellcasting


You couldn't memorise any spells.
You knew the following spells:

 Your Spells              Type           Power      Damage    Failure   Level
a - Freeze                Ice            68%        1d8       2%          1
b - Frozen Ramparts       Ice            34%        1d5       9%          3
c - Ozocubu's Armour      Ice            17%        N/A       9%          3
d - Hailstorm             Conj/Ice       17%        3d6       26%         4
e - Metabolic Englaciati  Hex/Ice        8%         N/A       58%         5
f - Magic Dart            Conj           68%        1d6       2%          1
Your spell library was empty.

Dungeon Overview and Level Annotations

Branches:
Dungeon (2/15)

Altars:

Shops:
D:1 [

Annotations:
D:2 Crazy Yiuf


Innate Abilities, Weirdness & Mutations

You are immune to poison.
Your flesh is very heat resistant. (rF++)
You are vulnerable to cold. (rC-)
You float through the air rather than walking.
You learn spells naturally, not from books.
Your magical power is your life essence.
You have superior vitality. (+4 HP)


Message History

Okay, then.
Okay, then.
Press: ? - help, v - describe, . - travel
Here: Crazy Yiuf, wielding a +3 quarterstaff of chaos and wearing a +0 cloak (severely wounded)
The floor.
Unknown command.
Unknown command.
It was a potion of resistance.
You feel protected.
The wall freezes Crazy Yiuf.
Unknown command.
Unknown command.
Casting: Freeze (safe; 2% risk of failure)
Confirm with . or Enter, or press ? or * to list all spells.
Okay, then.
Casting: Freeze (safe; 2% risk of failure)
Confirm with . or Enter, or press ? or * to list all spells.
Okay, then.
Unknown command.
Your frozen ramparts will break if you move.
Continue?
The frozen ramparts melt away as you move.
Crazy Yiuf flaps his cloak.
Unknown command.
You aren't carrying any items that you can evoke.
Unknown command.
You aren't carrying any potions.
Unknown command.
You reach down and close the door.
Crazy Yiuf opens the door.
Crazy Yiuf is nearby!
Unknown command.
Casting: Freeze (safe; 2% risk of failure)
Confirm with . or Enter, or press ? or * to list all spells.
Okay, then.
Casting: Freeze (safe; 2% risk of failure)
Confirm with . or Enter, or press ? or * to list all spells.
The spell is quite dangerous to cast (9% risk of failure)!
Continue anyway?
Casting: Frozen Ramparts (quite dangerous; 9% risk of failure)
Press: ? - help, Dir - look around, f - activate You miscast Frozen Ramparts.
You feel extremely cold.
You die...

#..................# #.#
#...####..#####....####.#
#...# #....# #....'....#
#...# #....# #....######
#...# #...## #....# #
#...# ##.## #....# #
#...# #.## #....# # #...#
##.# #....# ##### #@##
#....# ##.# ###### #g#
... #...# #..)# #####


You could see Crazy Yiuf.

Vanquished Creatures
  A worm (D:2)
  2 dart slugs (D:1)
  3 ball pythons
  3 bats
  2 endoplasms (D:2)
  2 giant cockroaches
  3 hobgoblins
  2 jackals (D:1)
  3 quokkas
  A frilled lizard (D:1)
  A goblin (D:1)
  2 kobolds
  3 rats
28 creatures vanquished.

Notes
Turn   | Place    | Note
-------+----------+-------------------------------------------
     0 | D:1      | dickylongcocking the Djinni Ice Elementalist began the
                  | quest for the Orb.
     0 | D:1      | Reached XP level 1. HP: 15/15 MP: 0/0
   575 | D:1      | Reached XP level 2. HP: 9/21 MP: 0/0
  1148 | D:1      | Reached skill level 4 in Spellcasting
  1549 | D:1      | Found Olead's Antique Armour Boutique.
  1566 | D:1      | Reached skill level 1 in Fighting
  1876 | D:2      | Reached XP level 3. HP: 26/27 MP: 0/0
  1876 | D:2      | Learned a level 1 spell: Magic Dart
  2861 | D:2      | Found a runed translucent door.
  2862 | D:2      | Noticed Crazy Yiuf
  3070 | D:2      | Killed by miscasting Frozen Ramparts

Illustrated notes

Levels and vault maps discovered:
D:1:      dpeg_arrival_three_bigger_balls, layout_basic, serial_shops, shop,
          corner_web_ring
D:2:      layout_basic, uniq_crazy_yiuf_cottage

Skill      XL: |  1  2 |
---------------+-------+-----
Spellcasting   | 4 |  4.2
Fighting       | 1 |  1.5
Dodging        | |  2.1
Stealth        | |  1.5

Action                   || total
-------------------------++-------
Melee: Whip              ||    24
       Unarmed           ||     2
 Cast: Freeze            ||    38
       Frozen Ramparts   ||     3
  Use: Potion            ||     1
 Stab: Sleeping          ||     2
Armor: Robe              ||    20
Dodge: Dodged            ||    43

Table legend: (Time is in decaauts)
 A = Elapsed time spent in this place.
 B = Non-inter-level travel time spent in this place.
 C = Inter-level travel time spent in this place.
 D = Time resting spent in this place.
 E = Time spent auto-exploring this place.
 F = Levels seen in this place.
 G = Mean time per level.
                   A        B        C        D        E       F      G
               +--------+--------+--------+--------+--------+-----+--------+
         Total |   3071 |   3007 |     64 |    697 |   2102 |   2 | 1535.5 |
       Dungeon |   3071 |   3007 |     64 |    697 |   2102 |   2 | 1535.5 |
               +--------+--------+--------+--------+--------+-----+--------+

Top non-repeatable levels by time:
     D:1: 1847 daAuts
     D:2: 1223 daAuts
